 Dungeon Crawl Stone Soup version 0.21-a0-286-g6fcecc0 (webtiles) character file.

2255 Ijustatesigmund the Basher (level 9, -6/64 HPs)
             Began as an Octopode Fighter on Sept 28, 2017.
             Shot with an arrow by a centaur (17 damage)
             ... on level 7 of the Dungeon.
             The game lasted 00:16:20 (7050 turns).

Ijustatesigmund the Basher (Octopode Fighter)       Turns: 7050, Time: 00:16:22

Health: -6/64      AC:  1    Str: 18    XL:     9   Next: 37%
Magic:  9/9        EV: 12    Int: 10    God:
Gold:   121        SH: 11    Dex: 14    Spells: 8/8 levels left

rFire    . . .     SeeInvis .   a - +4 flail
rCold    . . .     Gourm    +   b - +1 shield
rNeg     . . .     Faith    .   (helmet restricted)
rPois    .         Spirit   .   k - amulet of the gourmand
rElec    .         Reflect  .   l - ring of stealth
rCorr    .         Harm     .   m - ring of stealth
MR       .....                  (no ring)
Stlth    ++++++....             (no ring)
HPRegen  0.20/turn              (no ring)
MPRegen  0.11/turn              (no ring)
                                (no ring)
                                (no ring)

@: no status effects
A: almost no armour, stealthy swim, amphibious, 8 rings, constrict 8, tentacle
spike 1, camouflage 1, high mp 1, strong 1, gelatinous body 1
a: no special abilities


You were on level 7 of the Dungeon.
You were not hungry.

You visited 2 branches of the dungeon, and saw 8 of its levels.

You collected 276 gold pieces.
You spent 155 gold pieces at shops.

Inventory:

Hand Weapons
 a - a +4 flail (weapon)
Missiles
 e - 2 tomahawks (quivered)
Armour
 b - a +1 shield (worn)
Jewellery
 k - an amulet of the gourmand (around mantle)
 l - a ring of stealth (left tentacle)
 m - a ring of stealth (right tentacle)
Wands
 c - a wand of paralysis (12/24)
 j - a wand of iceblast (8/15)
 q - a wand of paralysis (1/24)
Scrolls
 i - 5 scrolls of remove curse
 p - 2 scrolls of identify
 r - a scroll of magic mapping
Potions
 g - a potion of lignification
 n - a potion of flight
 o - 2 potions of curing
Books
 s - a book of Flames

   Spells                             Type                      Level
   a - Flame Tongue                   Conjuration/Fire             1
   b - Throw Flame                    Conjuration/Fire             2
   c - Conjure Flame                  Conjuration/Fire             3
   d - Inner Flame                    Hexes/Fire                   3
   e - Sticky Flame                   Conjuration/Fire             4
   f - Fireball                       Conjuration/Fire             5
Comestibles
 d - 8 bread rations
 f - 3 royal jellies
 h - 2 meat rations


   Skills:
 + Level 7.2 Fighting
 + Level 8.8 Maces & Flails
 - Level 3.0 Dodging
 - Level 5.3 Stealth
 + Level 5.1 Shields


You had 8 spell levels left.
You didn't know any spells.

Dungeon Overview and Level Annotations

Branches:
Dungeon (7/15)             Temple (1/1) D:4

Altars:
Ashenzari
Dithmenos
Elyvilon
Fedhas
Kikubaaqudgha
Nemelex Xobeh
Qazlal
Ru
Sif Muna
Trog
Uskayaw
Vehumet
Wu Jian
Xom
Yredelemnul
Zin
The Shining One

Shops:
D:4 ?


Innate Abilities, Weirdness & Mutations

You cannot wear most types of armour.
You are very stealthy in the water. (Stealth+)
You are amphibious.
You can wear up to eight rings at the same time.
You can use your tentacles to constrict eight enemies at once.
Your skin changes colour to match your surroundings (Stealth+).
Your rubbery body absorbs attacks. (AC +1, EV +1)
One of your tentacles bears a spike.
You have an increased reservoir of magic. (+10% MP)
Your muscles are strong. (Str +2)


Message History

Aim: a gnoll, wielding a spear (severely wounded)
The mass of ice explodes!
The iceblast engulfs the gnoll.
You kill the gnoll!
Your Shields skill increases to level 5!
This wand has 9 charges left.
You hear a shout!
The centaur wields a shortbow.
The centaur shoots an arrow.
The arrow hits you!
* * * LOW HITPOINT WARNING * * *
Evoke which item? (* to show all) (? for menu, Esc to quit)
Aiming: Iceblast
Press: ? - help, Shift-Dir - straight line, f - centaur
Aim: a centaur, wielding a shortbow (almost dead)
The mass of ice explodes!
The iceblast engulfs the centaur.
You kill the centaur!
The iceblast engulfs the orc.
You kill the orc!
You hear a splash. x2
This wand has 8 charges left.
The centaur wields a shortbow.
The centaur shoots an arrow.
The arrow hits you!
You die...

..... c).. ..g ≈≈#
#)( #≈)##
##≈).########.##
#.≈.@......#.$.#....
#.≈#.).....#...#...##
#.≈#.......#.$.#.....
#.≈...)....#...#.....
#.≈........#.$.#...8#
#.≈#.......#...#....)
#.≈#.........$.......
##≈#######..†........
#.##)###..8#


You could see a centaur and a goblin.

Vanquished Creatures
  Pikel (D:4)
  The ghost of tidbits the Insei, an amateur DgTm (D:6)
  A hippogriff (D:7)
  Sigmund (D:3)
  A slave (D:4)
  A black bear (D:7)
  An ice beast (D:6)
  A sky beast (D:5)
  2 ogres (D:4)
  A centaur (D:7)
  6 wights (D:6)
  A howler monkey (D:5)
  2 crimson imps
  2 bullfrog skeletons
  2 jellies
  An orc wizard (D:7)
  An iguana (D:6)
  3 worker ants
  3 gnolls
  6 adders
  An adder zombie (D:6)
  4 worms
  5 dart slugs
  2 leopard geckos (D:4)
  20 orcs
  4 ball pythons
  3 giant cockroaches
  7 hobgoblins
  10 jackals
  10 kobolds
  3 quokkas
  6 bats
  9 frilled lizards
  11 goblins
  A jackal zombie (D:5)
  2 quokka skeletons (D:5)
  9 rats
145 creatures vanquished.

Vanquished Creatures (others)
  Grinder (D:4)
  2 slaves (D:4)
3 creatures vanquished.

Grand Total: 148 creatures vanquished

Notes
Turn   | Place    | Note
-------+----------+-------------------------------------------
     0 | D:1      | Ijustatesigmund the Octopode Fighter began the quest for the Orb.
     0 | D:1      | Reached XP level 1. HP: 16/16 MP: 1/1
   301 | D:1      | Reached XP level 2. HP: 20/21 MP: 2/2
   503 | D:1      | Reached skill level 3 in Maces & Flails
   600 | D:1      | Reached XP level 3. HP: 26/26 MP: 3/3
  1446 | D:2      | Reached XP level 4. HP: 33/33 MP: 4/4
  2263 | D:3      | Reached skill level 4 in Maces & Flails
  2331 | D:3      | Reached XP level 5. HP: 26/37 MP: 5/5
  2518 | D:3      | Noticed Sigmund
  2527 | D:3      | Killed Sigmund
  2527 | D:3      | Reached skill level 5 in Maces & Flails
  2527 | D:3      | Reached XP level 6. HP: 44/44 MP: 6/6
  3686 | D:4      | Gained mutation: Your muscles are strong. (Str +2) [potion of mutation]
  3686 | D:4      | Gained mutation: You have an increased reservoir of magic. (+10% MP) [potion of mutation]
  3686 | D:4      | Gained mutation: One of your tentacles bears a spike. [potion of mutation]
  3740 | D:4      | Reached skill level 5 in Fighting
  3740 | D:4      | Reached skill level 6 in Maces & Flails
  3740 | D:4      | Reached XP level 7. HP: 46/50 MP: 7/7
  3831 | D:4      | Noticed Grinder
  3831 | D:4      | Noticed Pikel
  3844 | D:4      | Killed Pikel
  3844 | D:4      | Reached skill level 7 in Maces & Flails
  3844 | D:4      | Reached XP level 8. HP: 33/57 MP: 8/8
  3853 | D:4      | Killed Grinder
  3984 | D:5      | Entered Level 5 of the Dungeon
  4330 | D:5      | Reached skill level 1 in Stealth
  4695 | D:6      | Noticed tidbits's ghost (amateur DgTm)
  4721 | D:6      | Killed tidbits's ghost
  4721 | D:6      | Reached skill level 5 in Stealth
  5002 | D:6      | Reached skill level 8 in Maces & Flails
  5577 | D:6      | Reached XP level 9. HP: 46/63 MP: 9/9
  6219 | D:4      | Found a glowing golden altar of the Shining One.
  6241 | D:4      | Found Xymekea's Magic Scroll Emporium.
  6249 | D:4      | Bought a scroll of identify for 20 gold pieces
  6249 | D:4      | Bought a scroll of enchant weapon for 75 gold pieces
  6249 | D:4      | Bought a scroll of identify for 20 gold pieces
  6249 | D:4      | Bought a scroll of identify for 20 gold pieces
  6249 | D:4      | Bought a scroll of identify for 20 gold pieces
  6540 | D:4      | Found a staircase to the Ecumenical Temple.
  6549 | Temple   | Entered the Ecumenical Temple
  7049 | D:7      | Reached skill level 5 in Shields
  7050 | D:7      | Shot with an arrow by a centaur

Vault maps used:
D:1:      minmay_arrival_cross, minmay_pentomino_v2
D:2:      eino_tiny_chamber, kennysheep_generic_room_7
D:3:      serial_glass, glass_columns_b, glass_columns_a, uniq_sigmund
D:4:      cheibrodos_greedy_goblins, lemuel_round_altar,
          minmay_temple_entry_poolview, serial_shops, shop, first_bread,
          nicolae_zen_rock_garden, lemuel_flame_loot_1, uniq_grinder, uniq_pikel
D:6:      serial_glass, glass_columns_a, glass_columns_a, due_unseen_surprise
D:7:      grunt_gozag_breadcrumbs, overflow_temple_1_default, marbit_many_paths,
          lightli_bailey_entry_fortress, guppyfry_early_elven_hall
Temple:   eino_temple_scatter_basement

Skill      XL: |  1  2  3  4  5  6  7  8  9 |
---------------+----------------------------+-----
Maces & Flails | 3 4 5 6 7 8 |  8.8
Fighting       | 4 5 6 7 |  7.2
Stealth        | 5 |  5.3
Shields        | 4 5 |  5.1
Dodging        | |  3.0

Action                   |  1- 3 |  4- 6 |  7- 9 || total
-------------------------+-------+-------+-------++-------
Melee: Flail             |    65 |    90 |   139 ||   294
       Constrict         |    18 |    19 |    25 ||    62
       Tentacles         |    11 |    13 |    32 ||    56
       Kick              |       |     1 |    36 ||    37
Throw: Tomahawk          |       |       |     5 ||     5
Evoke: Wand              |       |       |     7 ||     7
  Use: Scroll            |     5 |     2 |    11 ||    18
       Potion            |     1 |     6 |     1 ||     8
 Stab: Sleeping          |    10 |    11 |    22 ||    43
       Distracted        |       |     1 |       ||     1
       Paralysed         |       |       |     2 ||     2
  Eat: Chunk             |     1 |    17 |     4 ||    22
Armor: Skin              |     1 |     6 |     3 ||    10
Dodge: Dodged            |    13 |    32 |    31 ||    76
Block: Shield            |    20 |    42 |    47 ||   109

Table legend:
 A = Spawn XP
 B = Non-spawn XP
 C = Spawn XP percentage of total XP
 D = Spawn monster count
 E = Non-spawn monster count
 F = Spawn count percentage of total count
 G = Total turns spent on level
                    A         B        C        D         E        F      G
               +---------+---------+-------+---------+---------+-------+---------
         Total |       0 |    3222 |   0.0 |       0 |     144 |   0.0 |  7050
               +---------+---------+-------+---------+---------+-------+---------
           D:1 |       0 |      39 |   0.0 |       0 |      26 |   0.0 |   835
           D:2 |       0 |      95 |   0.0 |       0 |      19 |   0.0 |  1056
           D:3 |       0 |     297 |   0.0 |       0 |      24 |   0.0 |  1446
           D:4 |       0 |     886 |   0.0 |       0 |      23 |   0.0 |  1111
           D:5 |       0 |     358 |   0.0 |       0 |      14 |   0.0 |   663
           D:6 |       0 |     965 |   0.0 |       0 |      25 |   0.0 |  1586
           D:7 |       0 |     582 |   0.0 |       0 |      13 |   0.0 |   170
               +---------+---------+-------+---------+---------+-------+---------
